Map: Thunderbird LE

Players

igoran - Winner!

  • Race: Terran Terran
  • League: Silver
  • Spawn Location: 5:00

Woah

  • Race: Terran Terran
  • Spawn Location: 11:00

VOD

Have the link to the VOD?

Description

Time

  • Played on: June 11, 2019, 9:29 p.m.
  • Length: 5:19
Show
View Real Time Build Order
Export as new Build Order

igoran Terran - Winner!

Build Orders:  

Get SALT Encoding   

  12  0:05  SCV  
  13  0:17  Supply Depot  
  13  0:18  SCV  
  14  0:41  Barracks  
  14  0:46  Barracks  
  14  0:48  SCV  
  15  0:56  Refinery  
  15  1:02  Refinery  
  15  1:07  SCV  
  16  1:19  SCV  
  17  1:35  Barracks  
  17  1:41  Reaper  
  17  1:46  Reaper  
  19  1:49  SCV  
  20  1:57  Supply Depot  
  20  2:01  SCV  
  21  2:14  SCV  
  21  2:15  Reaper  
  23  2:19  Reaper  
  24  2:24  Reaper  
  24  2:50  Reaper  
  24  2:51  Reaper  
  26  2:57  Reaper  
  26  2:58  Supply Depot  
  27  3:09  Barracks  
  27  3:10  SCV  
  28  3:22  Reaper  
  28  3:23  Reaper  
  29  3:29  Reaper  
  28  4:01  Reaper x3  
  31  4:33  Reaper x3  
Show
View Real Time Build Order
Export as new Build Order

Woah Terran 

Build Orders:  

Get SALT Encoding   

  12  0:01  SCV  
  13  0:13  SCV  
  14  0:17  Supply Depot  
  14  0:26  SCV  
  14  0:27  Refinery  
  15  0:39  SCV  
  16  0:45  Barracks  
  16  0:52  Refinery  
  16  0:55  SCV  
  17  1:07  SCV  
  18  1:19  SCV  
  19  1:32  Orbital Command  
  19  1:33  Reaper  
  19  1:39  Factory  
  20  1:48  Supply Depot  
  20  2:00  SCV  
  21  2:05  Reaper  
  22  2:13  SCV  
  25  2:23  Hellion  
  25  2:26  SCV  
  26  2:42  Reaper  
  29  2:44  Hellion  
  29  2:55  SCV  
  30  2:59  Command Center  
  30  3:02  Starport  
  30  3:05  Supply Depot  
  30  3:08  Factory Tech Lab  
  30  3:12  SCV  
  25  3:52  Siege Tank  
  25  3:54  Reaper  
  25  3:55  Viking  
  30  3:57  SCV  
  30  3:59  Supply Depot  
  30  4:02  Barracks  
  31  4:11  Orbital Command  
  31  4:15  SCV  
  32  4:24  Cyclone  
  32  4:27  SCV  
  29  4:41  Viking  
  24  4:50  Marine  
  19  5:02  SCV  
Tags
 
League
Silver
Matchup
TvT
Race
Terran
Replay Pack
r1
Spawn Locations
Cross Positions
Add a new tag
Caveats
  • Supply blocks, unpowered buildings, or Contaminate may cause inaccurate times.
  • Supply counts are checked every 10 seconds.